 Dungeon Crawl Stone Soup version 0.29-a0-416-g83a48905f1 (webtiles) character file.

Game seed: 4379558783874782757

684 happo123 the Ruffian (level 7, 0/68 HPs)
             Began as a Troll Berserker on May 16, 2022.
             Was a Priest of Trog.
             Slain by an orc
             ... wielding a +0 dagger
              (2 damage)
             ... on level 5 of the Dungeon.
             The game lasted 00:09:11 (2616 turns).

happo123 the Ruffian (Troll Berserker)              Turns: 2616, Time: 00:09:11

Health: 0/68       AC:  5    Str: 34    XL:     7   Next: 35%
Magic:  6/6        EV: 10    Int:  3    God:    Trog [***...]
Gold:   82         SH:  0    Dex:  9    Spells: 6/6 levels left

rFire   . . .      SeeInvis .     - Unarmed
rCold   . . .      Faith    .   (no shield)
rNeg    . . .      Spirit   .   a - +0 animal skin
rPois   .          Reflect  .   (helmet restricted)
rElec   .          Harm     .   u - +0 cloak
rCorr   .          Rampage  .   (gloves unavailable)
Will    ++...                   (boots unavailable)
Stlth   +.........              (no amulet)
HPRegen 2.01/turn               i - +6 ring of strength
MPRegen 0.10/turn               (no ring)

@: lethally poisoned (0 -> 0), strong-willed, regenerating
A: large, unfitting armour, claws 3, regeneration 1, shaggy fur 1, tough skin 1
a: Renounce Religion, Berserk, Trog's Hand


You were on level 5 of the Dungeon.
You worshipped Trog.
Trog was most pleased with you.
You visited 1 branch of the dungeon, and saw 5 of its levels.

You collected 217 gold pieces.
You spent 135 gold pieces at shops.

Inventory:

Armour
 a - a +0 animal skin (worn)
 u - a +0 cloak (worn)
Jewellery
 f - a +6 ring of intelligence
 i - a +6 ring of strength (left claw)
Wands
 r - a wand of iceblast (1)
Scrolls
 c - 2 scrolls of identify {unknown}
 d - 2 scrolls of fear {unknown}
 e - 3 scrolls of teleportation {unknown}
 j - 2 scrolls of poison {unknown}
 l - a scroll of enchant weapon {unknown}
 m - a scroll of enchant armour {unknown}
 t - a scroll of amnesia {unknown}
 v - a scroll of vulnerability {unknown}
Potions
 b - 2 potions of haste {unknown}
 g - a potion of attraction {unknown}
 h - 2 potions of lignification {unknown}
 k - 4 potions of curing {unknown}
 n - 2 potions of heal wounds
 o - 2 potions of brilliance {unknown}
 p - a potion of invisibility {unknown}
 q - 2 potions of might
 s - a potion of berserk rage {unknown}


   Skills:
 + Level 3.7 Fighting
 + Level 4.2 Dodging
 + Level 0.4 Stealth
 + Level 6.5 Unarmed Combat


You had 6 spell levels left.
You didn't know any spells.
Your spell library was empty.

Dungeon Overview and Level Annotations

Branches:
Dungeon (5/15)
 Temple: D:4-7

Altars:
Cheibriados
Wu Jian

Shops:
D:5 !


Innate Abilities, Weirdness & Mutations

You are too large for most types of armour.
You have claws for hands.
Your natural rate of healing is unusually fast.
You are covered in fur. (AC +1)
You have tough skin. (AC +1)


Message History

The water moccasin is severely wounded.
You feel very sick. The water moccasin misses you.
The water moccasin bites you but does no damage.
The water moccasin attacks as you move away!
The water moccasin bites you.
You are more poisoned.
The water moccasin poisons you!
You feel extremely sick.
You feel extremely sick.
You barely miss the water moccasin.
The water moccasin is severely wounded.
You feel very sick. The water moccasin barely misses you.
The water moccasin closely misses you.
You closely miss the water moccasin.
The water moccasin is severely wounded.
You feel very sick. The water moccasin bites you.
* * * LOW HITPOINT WARNING * * *
You miss the water moccasin.
The water moccasin is severely wounded.
* * * LOW HITPOINT WARNING * * *
You feel very sick. The water moccasin closely misses you.
You mangle the water moccasin!!
You kill the water moccasin!
Trog accepts your kill.
* * * LOW HITPOINT WARNING * * *
You feel very sick.
* * * LOW HITPOINT WARNING * * *
You feel sick. The orc hits you but does no damage.
Your skin crawls.
You feel strong-willed.
You feel very sick. The orc hits you with a +0 dagger.
* * * LOW HITPOINT WARNING * * *
You closely miss the orc. Your claw misses the orc.
You feel sick. The orc hits you but does no damage.
You barely miss the orc.
You feel sick. The orc hits you with a +0 dagger.
You die...

########.#.####......#
#......#.............#
#......#.............#
.#......#........#'####
........#........#.#
......#........#.#
#..o#.#.####.#.#####
####o#.#...†.........
..#@#.#.####.#.#####
##.#.#.#.# #.#.# ###
#..#.#.#.####.#.# #..
#.............#.# #..
#..#..<#.######.###..
#..#.#..>..........))
#..#.#.###..........)
#.†#..<#.............
#..#.#..............#


You could see 2 orcs.

Vanquished Creatures
  A water moccasin (D:5)
  A centaur (D:5)
  A necrophage (D:4)
  A howler monkey (D:5)
  3 orc priests
  4 orc wizards
  8 adders
  4 gnolls (D:4)
  A worm (D:3)
  2 dart slugs
  6 orcs
  5 bats
  6 endoplasms
  11 giant cockroaches
  4 goblins
  9 hobgoblins
  6 jackals
  2 quokkas
  7 ball pythons
  5 frilled lizards
  4 kobolds
  5 rats
96 creatures vanquished.

Notes
Turn   | Place    | Note
-------+----------+-------------------------------------------
     0 | D:1      | happo123 the Troll Berserker began the quest for the Orb.
     0 | D:1      | Reached XP level 1. HP: 22/22 MP: 0/0
   124 | D:1      | Reached XP level 2. HP: 28/29 MP: 1/1
   715 | D:2      | Reached XP level 3. HP: 33/36 MP: 2/2
   741 | D:2      | Reached ** piety under Trog
   971 | D:2      | Identified the +8 short sword of the Endless March {vorpal,
                  | rPois rC+ Str-4 Int+2}
  1003 | D:2      | Found a snail-covered altar of Cheibriados.
  1214 | D:3      | Found an ornate altar of the Wu Jian Council.
  1273 | D:3      | Reached XP level 4. HP: 42/45 MP: 3/3
  1369 | D:3      | Reached skill level 4 in Unarmed Combat
  1526 | D:3      | Reached XP level 5. HP: 53/53 MP: 4/4
  1590 | D:3      | Reached *** piety under Trog
  1823 | D:4      | Reached skill level 5 in Unarmed Combat
  1831 | D:4      | Reached XP level 6. HP: 61/61 MP: 5/5
  2124 | D:4      | Identified the +1 ring mail of Fortification {rF- rN+
                  | Int+2}
  2427 | D:5      | Entered Level 5 of the Dungeon
  2495 | D:5      | Found Sufuh's Distillery.
  2505 | D:5      | Bought a potion of heal wounds for 75 gold pieces
  2505 | D:5      | Bought a potion of might for 60 gold pieces
  2553 | D:5      | Reached skill level 6 in Unarmed Combat
  2553 | D:5      | Reached XP level 7. HP: 64/67 MP: 6/6
  2614 | D:5      | HP: 3/68 [poisoned by a water moccasin]
  2616 | D:5      | Slain by an orc

Illustrated notes

Levels and vault maps discovered:
D:1:      scummos_arrival_forest, layout_loops_ring
D:2:      layout_basic, basic_altar
D:3:      minmay_roachtagon, layout_rooms, mainiacjoe_overflow_alcove_2
D:4:      layout_basic
D:5:      cheibrodos_fertilizer, layout_basic, serial_shops,
          nicolae_shop_waterfront, uniq_sigmund, uniq_edmund

Skill      XL: |  1  2  3  4  5  6 |
---------------+-------------------+-----
Fighting       | 3 |  3.7
Dodging        | 3 4 |  4.2
Unarmed Combat | 4 5 6 |  6.5
Stealth        | |  0.4

Action                   |  1- 3 |  4- 6 |  7- 9 || total
-------------------------+-------+-------+-------++-------
Melee: Unarmed           |   121 |   137 |    14 ||   272
       Punch             |     1 |     2 |       ||     3
Invok: Trog's Hand       |       |       |     1 ||     1
Armor: Animal skin       |    43 |    64 |     6 ||   113
Dodge: Dodged            |    62 |    69 |     8 ||   139

Table legend: (Time is in decaauts)
 A = Elapsed time spent in this place.
 B = Non-inter-level travel time spent in this place.
 C = Inter-level travel time spent in this place.
 D = Time resting spent in this place.
 E = Time spent auto-exploring this place.
 F = Levels seen in this place.
 G = Mean time per level.
                   A        B        C        D        E       F      G
               +--------+--------+--------+--------+--------+-----+--------+
         Total |   2594 |   2251 |    343 |      0 |   1640 |   5 |  518.8 |
       Dungeon |   2594 |   2251 |    343 |      0 |   1640 |   5 |  518.8 |
               +--------+--------+--------+--------+--------+-----+--------+

Top non-repeatable levels by time:
     D:4: 637 daAuts
     D:2: 615 daAuts
     D:1: 590 daAuts
     D:3: 564 daAuts
     D:5: 186 daAuts
